 Dungeon Crawl Stone Soup version 0.30-a0-739-gea05faddec (webtiles) character file.

Game seed: 13320088588151694681

29 MackTheKnife the Sneak (level 3, -1/20 HPs)
             Began as a Deep Elf Wanderer on Feb 4, 2023.
             Was a Follower of Zin.
             Killed from afar by a dart slug (4 damage)
             ... with a slug dart
             ... on level 1 of the Dungeon.
             The game lasted 00:01:44 (627 turns).

MackTheKnife the Sneak (Deep Elf Wanderer)           Turns: 627, Time: 00:01:45

Health: -1/20      AC:  3    Str:  7    XL:     3   Next: 1%
Magic:  9/9        EV: 12    Int: 17    God:    Zin [*.....]
Gold:   28         SH:  0    Dex: 17    Spells: 7/8 levels left

rFire   . . .      SeeInvis .    g - +1 hand axe (venom) {axe}
rCold   . . .      Faith    .    (no shield)
rNeg    . . .      Spirit   .    d - +0 robe
rPois   .          Reflect  .    (no helmet)
rElec   .          Harm     .    (no cloak)
rCorr   .          Rampage  .    (no gloves)
Will    .....                    b - +0 pair of boots
Stlth   +++                      (no amulet)
HPRegen 0.23/turn                (no ring)
MPRegen 0.11/turn                (no ring)

@: no status effects
A: no striking features
a: Renounce Religion, Recite, Donate Gold


You were on level 1 of the Dungeon.
You worshipped Zin.
Zin was aware of your devotion.
You visited 1 branch of the dungeon, and saw 1 of its levels.

You collected 31 gold pieces.
You donated 3 gold pieces to Zin.


   Skills:
 - Level 1.0 Fighting
 - Level 1.0 Axes
 - Level 1.0 Armour
 - Level 1.2 Dodging
 + Level 4.6 Stealth
 - Level 3.0 Spellcasting
 - Level 2.1 Translocations


You had 7 spell levels left.
You knew the following spells:

 Your Spells              Type           Power      Damage    Failure   Level
a - Apportation           Tloc           20%        N/A       7%          1

Your spell library contained the following spells:

 Spells                   Type           Power      Damage    Failure   Level
 Portal Projectile        Hex/Tloc       12%        N/A       32%         3
 Kindle Blastsparks       Fire/Tloc/Air  10%        2d10      36%         3

Inventory:

Hand Weapons
 g - a +1 hand axe of venom (weapon) {axe}
   (You found it on level 1 of the Dungeon)
Missiles
 a - a stone {throwing}
Armour
 b - a +0 pair of boots (worn)
 d - a +0 robe (worn)
Scrolls
 c - a scroll of fear
 e - 2 scrolls of identify {unknown}
 f - a scroll of teleportation {unknown}
 h - a scroll of summoning {unknown}
Potions
 i - a potion of resistance {unknown}

Dungeon Overview and Level Annotations

Branches:
Dungeon (1/15) Zot: 5350

Altars:
Zin

# .....[......#
##...........#
.....>......# #
##..........#
##.
#..8.....8..#
....#..........#
#)....#).###.#
#..ww......#
#.#@########
#####.#.#
......#.##
#.........###
#.###.......###
#.#
#.........#####
#.#
#.).†.........#
#.# #.#
#.............#
... #.#
#.#...#.#.###.#


You could see 2 dart slugs.


Message History

The kobold hits you but does no damage. The ball python closely misses you.
The ball python barely misses you.
You are too injured to fight recklessly! 😮 HP[-3]
You now have 16 max hp (+1).
You take 3 damage, and now have 12/16 hp.
You are too injured to fight recklessly!
You are too injured to fight recklessly!
You are too injured to fight recklessly!
You are too injured to fight recklessly!
You are too injured to fight recklessly!
You are too injured to fight recklessly!
You are too injured to fight recklessly!
You are too injured to fight recklessly!
Unknown command.
The frilled lizard attacks as you move away!
The frilled lizard bites you.
The ball python attacks as you move away!
The ball python barely misses you. The kobold attacks as you move away!
The kobold closely misses you. 😮 HP[-3]
You take 3 damage, and now have 9/16 hp.
The bat closely misses you. The bat barely misses you. 😮 HP[+1]
The frilled lizard attacks as you move away!
The frilled lizard bites you but does no damage.
The bat attacks as you move away! The bat closely misses you.
The bat barely misses you.
Activating: Recite (10% risk of failure)
Press: ? - help, Dir - look around, f - activate Look: a bat You clear your throat and prepare to recite. "Zin said that lawfulness shall be the law of the land, and..."
The bat hits you but does no damage. x2
You barely miss the bat. "...those who turn to anarchy will be condemned.
This was fair..."
The kobold is dazed by your recitation.
You kill the kobold!
The bat closely misses you. The bat hits you but does no damage. x2
You miss the bat. "...and just, and not a voice dissented."
You finish reciting Abominations 7:63.
The bat misses you. The bat barely misses you. 😮 HP[+1]
You hit the bat.
The bat is poisoned.
You kill the bat!
You hit the ball python.
You kill the ball python!
You barely miss the frilled lizard. The frilled lizard barely misses you.
The frilled lizard bites you but does no damage.
You miss the frilled lizard. The frilled lizard bites you. 😮 HP[-2]
You take 2 damage, and now have 9/16 hp.
You hit the frilled lizard but do no damage.
The frilled lizard is poisoned.
The frilled lizard closely misses you.
You hit the frilled lizard.
You kill the frilled lizard!
An endoplasm comes into view.
The endoplasm quivers.
You hit the endoplasm.
The endoplasm hits you but does no damage.
The endoplasm freezes you.
You are frozen.
* * * LOW HITPOINT WARNING * * *
😨 HP[-4]
You take 4 damage, and now have 5/16 hp.
MASSIVE DAMAGE!! (PAUSE)
You completely miss the endoplasm.
The endoplasm hits you but does no damage.
You barely miss the endoplasm. The endoplasm barely misses you.
You hit the endoplasm. The endoplasm hits you.
* * * LOW HITPOINT WARNING * * *
😱 HP[-1]
You take 1 damage, and now have 4/16 hp.
You hit the endoplasm.
You kill the endoplasm!
The endoplasm hits you but does no damage. 😨 HP[+1]
You hit the endoplasm but do no damage.
The endoplasm is poisoned.
You are ready to recite again.
The endoplasm freezes you.
You are frozen.
* * * LOW HITPOINT WARNING * * *
😱 HP[-3]
You take 3 damage, and now have 2/16 hp.
You hit the endoplasm.
You kill the endoplasm!
The dart slug launches a dart at you. The slug dart misses you.
The dart slug launches a dart at you. The slug dart misses you.
You have reached level 3!
Your experience leads to an increase in your attributes!
Increase (S)trength, (I)ntelligence, or (D)exterity?
You feel agile. x2 😱 HP[+1] MP[+1]
You now have 20 max hp (+4).
Your mp is fully restored (9).
The dart slug launches a dart at you. The slug dart hits you.
You die...

Skill      XL: |  1  2 |
---------------+-------+-----
Stealth        | 3 4 |  4.6
Fighting       | |  1.0
Axes           | |  1.0
Armour         | |  1.0
Dodging        | |  1.2
Spellcasting   | |  3.0
Translocations | |  2.1

Action                     || total
---------------------------++-------
  Melee: Hand axe          ||    47
         Whip              ||    34
 Invoke: Recite            ||     1
    Use: Potion            ||     1
   Stab: Sleeping          ||     4
 Armour: Robe              ||    32
  Dodge: Dodged            ||    61

Levels and vault maps discovered:
D:1:      tarquinn_simple_flora_water_e, layout_loops_ring,
          chequers_ecumenical_altar_island, st_stairs_1

Notes
Turn   | Place    | Note
-------+----------+-------------------------------------------
     0 | D:1      | MackTheKnife the Deep Elf Wanderer began the quest for the
                  | Orb.
     0 | D:1      | MackTheKnife set off with the following items: a +0 hand
                  | axe {axe}, a +0 pair of boots, a scroll of fear, a +0 robe;
                  | and the following spell memorised: Apportation; and the
                  | following spells available to memorise: Portal Projectile,
                  | Kindle Blastsparks.
     0 | D:1      | Reached XP level 1. HP: 12/12 MP: 6/6
     0 | D:1      | magus.rc [v1.9.6]
    79 | D:1      | Reached skill level 3 in Stealth
   290 | D:1      | Reached XP level 2. HP: 14/14 MP: 8/8
   316 | D:1      | HP: 2/14 [kobold/+0 whip (5)]
   325 | D:1      | HP: 3/14 [kobold/stone (1)]
   443 | D:1      | Found a faded altar of an unknown god.
   491 | D:1      | Prayed at the altar of an unknown god.
   491 | D:1      | Became a worshipper of Zin the Law-Giver
   491 | D:1      | Reached * piety under Zin
   510 | D:1      | Reached skill level 4 in Stealth
   623 | D:1      | HP: 4/16 [endoplasm (1)]
   627 | D:1      | Reached XP level 3. HP: 3/20 MP: 9/9
   627 | D:1      | Killed from afar by a dart slug

Vanquished Creatures
  4 bats (D:1)
  3 endoplasms (D:1)
  2 giant cockroaches (D:1)
  7 goblins (D:1)
  A quokka (D:1)
  A ball python (D:1)
  2 frilled lizards (D:1)
  4 kobolds (D:1)
24 creatures vanquished.

Table legend:
 A = Non-vault XP
 B = Vault XP
 C = Vault XP percentage of total XP
 D = Non-vault monster count
 E = Vault monster count
 F = Vault count percentage of total count
                 A         B        C        D         E       F
            +---------+---------+-------+---------+---------+-------
      Total |      41 |       1 |   2.4 |      23 |       1 |   4.2
            +---------+---------+-------+---------+---------+-------
        D:1 |      41 |       1 |   2.4 |      23 |       1 |   4.2
            +---------+---------+-------+---------+---------+-------

Illustrated notes

Table legend:
 A = Kills in this place as a percentage of kills in entire the game.
 B = Kills by you in this place as a percentage of kills by you in the entire game.
 C = Kills by friends in this place as a percentage of kills by friends in the entire game.
 D = Other kills in this place as a percentage of other kills in the entire game.
 E = Experience gained in this place as a percentage of experience gained in the entire game.
 F = Experience gained in this place divided by the number of levels of this place that you have seen.
                   A       B       C       D       E      F
               +-------+-------+-------+-------+-------+----------------------
         Total | 100.0 | 100.0 |   N/A |   N/A | 100.0 |  42.0
       Dungeon | 100.0 | 100.0 |   N/A |   N/A | 100.0 |  42.0
               +-------+-------+-------+-------+-------+----------------------

Table legend: (Time is in decaauts)
 A = Elapsed time spent in this place.
 B = Non-inter-level travel time spent in this place.
 C = Inter-level travel time spent in this place.
 D = Time resting spent in this place.
 E = Time spent auto-exploring this place.
 F = Levels seen in this place.
 G = Mean time per level.
                   A        B        C        D        E       F      G
               +--------+--------+--------+--------+--------+-----+--------+
         Total |    648 |    648 |      0 |     19 |    364 |   1 |  648.0 |
       Dungeon |    648 |    648 |      0 |     19 |    364 |   1 |  648.0 |
               +--------+--------+--------+--------+--------+-----+--------+

Top non-repeatable levels by time:
     D:1: 648 daAuts
